AoeStats
← vitor_age2

Arena

510004482Analyzed
2v2 RM · 2d ago on Sep 29, 2026· 23m 37s· 4 players
Game mode
Random Map
Map size
Medium (4 player)
Population
200
Speed
Normal
Resources
Standard
Victory
Conquest
Starting age
Dark Age
Ending age
Imperial Age
RankedLock teamsTeams togetherTeam positionsShared explorationLock speedFull tech treeHidden civsTurbo modeCheats
Victory
Defeat
🇧🇷 Varangians · Brazil
938
+19
🇧🇷 Varangians · Brazil
915
+20
🇨🇴 Saracens · Colombia
1015
-19
🇨🇴 Turks · Colombia
1007
-20
NannoD
11:03 Feudal Age
9:21 Loom
14:51 Castle Age
12:41 Loom
13:03 Horse Collar
13:32 Double-Bit Axe
17:13 Wheelbarrow
24:07 Hand Cart
vitor_age2
11:04 Feudal Age
14:40 Castle Age
13:01 Double-Bit Axe
15:25 Loom
19:56 Horse Collar
edwinrv99
2:36 Loom
11:39 Feudal Age
17:28 Castle Age
15:19 Horse Collar
16:02 Double-Bit Axe
20:11 Wheelbarrow
21:19 Town Watch
23:21 Fletching
23:32 Gold Mining
Co-Yeyo
2:10 Loom
10:57 Feudal Age
14:58 Castle Age
14:17 Double-Bit Axe
14:14 Horse Collar
18:50 Fletching
22:15 Wheelbarrow
Connection lost

Rejoining the realm…

Still unreachable

The connection could not be restored.

Session expired

The server has moved on; the page needs a fresh start.